 Dungeon Crawl Stone Soup version 0.28-a0-577-gb193047a1f (webtiles) character file.

Game seed: 8564236859170346281

51 iamoutofideas the Chopper (level 3, -2/33 HPs)
             Began as a Hill Orc Berserker on Oct 2, 2021.
             Was a Believer of Trog.
             Slain by an adder (3 damage)
             ... on level 2 of the Dungeon.
             The game lasted 00:02:31 (1730 turns).

iamoutofideas the Chopper (Hill Orc Berserker)      Turns: 1730, Time: 00:02:33

Health: -2/33      AC:  3    Str: 20    XL:     3   Next: 83%
Magic:  3/3        EV: 12    Int:  7    God:    Trog [**....]
Gold:   11         SH:  0    Dex: 10    Spells: 2/2 levels left

rFire   . . .      SeeInvis .   a - +0 hand axe
rCold   . . .      Faith    .   (no shield)
rNeg    . . .      Spirit   .   b - +0 animal skin
rPois   .          Reflect  .   (no helmet)
rElec   .          Harm     .   d - +0 cloak
rCorr   .          Rampage  .   (no gloves)
Will    ++...                   (no boots)
Stlth   +.........              (no amulet)
HPRegen 1.11/turn               (no ring)
MPRegen 0.08/turn               (no ring)

@: lethally poisoned (-2 -> -3), strong-willed (expiring), on berserk cooldown,
regenerating (expiring), slowed, very slow
A: no striking features
a: Renounce Religion, Berserk, Trog's Hand


You were on level 2 of the Dungeon.
You worshipped Trog.
Trog was pleased with you.
You visited 1 branch of the dungeon, and saw 2 of its levels.

You collected 11 gold pieces.

Inventory:

Hand Weapons
 a - a +0 hand axe (weapon)
Armour
 b - a +0 animal skin (worn)
 c - a +0 kite shield
 d - a +0 cloak (worn)


   Skills:
 - Level 3.8 Fighting
 + Level 5.9 Axes
 - Level 2.2 Armour
 - Level 1.7 Dodging


You had 2 spell levels left.
You didn't know any spells.
Your spell library was empty.

Dungeon Overview and Level Annotations

Branches:
Dungeon (2/15)

Altars:


Message History

The adder is moderately wounded.
The adder bites you.
* * * LOW HITPOINT WARNING * * *
The adder bites you.
* * * LOW HITPOINT WARNING * * *
You miss the adder.
The adder is moderately wounded.
The adder bites you.
* * * LOW HITPOINT WARNING * * *
The adder bites you.
* * * LOW HITPOINT WARNING * * *
Found 28 stones.
The adder bites you but does no damage.
Your skin stops crawling.
You feel less strong-willed. The adder barely misses you.
You hit the adder but do no damage.
The adder is moderately wounded.
The adder closely misses you. The adder bites you.
* * * LOW HITPOINT WARNING * * *
You are lethally poisoned!
The adder poisons you!
You aren't carrying any potions.
Unknown command.
Your skin crawls.
You feel strong-willed.
You feel sick. The adder bites you but does no damage.
The adder barely misses you.
You feel sick. The adder closely misses you.
You feel sick. The adder bites you.
* * * LOW HITPOINT WARNING * * *
You are lethally poisoned!
The adder poisons you!
You feel the effects of Trog's Hand fading.
* * * LOW HITPOINT WARNING * * *
You feel very sick. The adder misses you.
You hit the adder but do no damage.
The adder is moderately wounded.
* * * LOW HITPOINT WARNING * * *
You feel sick. The adder barely misses you. The adder bites you.
You die...

..+
+...........
..#
#....#.#####
.## #....#.#
.# #....# #
.# #....# #
#....#
...#....#
.......S#
(...###@#
..#. #.# ..#
#.# #.# #.#
... +##


You could see an adder.

Vanquished Creatures
  2 adders (D:2)
  A worm (D:2)
  6 ball pythons
  3 bats
  3 endoplasms
  2 giant cockroaches (D:1)
  A hobgoblin (D:1)
  3 quokkas
  3 frilled lizards (D:1)
  2 kobolds (D:1)
  6 rats
32 creatures vanquished.

Vanquished Creatures (others)
  7 plants (D:1)
7 creatures vanquished.

Grand Total: 39 creatures vanquished

Notes
Turn   | Place    | Note
-------+----------+-------------------------------------------
     0 | D:1      | iamoutofideas the Hill Orc Berserker began the quest for
                  | the Orb.
     0 | D:1      | Reached XP level 1. HP: 19/19 MP: 1/1
   175 | D:1      | Reached XP level 2. HP: 21/27 MP: 2/2
  1035 | D:2      | Reached skill level 5 in Axes
  1149 | D:2      | Reached XP level 3. HP: 33/33 MP: 3/3
  1384 | D:2      | Reached ** piety under Trog
  1729 | D:2      | HP: 1/33 [poisoned by an adder]
  1730 | D:2      | Slain by an adder

Illustrated notes

Levels and vault maps discovered:
D:1:      elethiomel_arrival_infinity_welcomes_careful_drivers, layout_rooms,
          serial_bayou_ford_a
D:2:      layout_basic, hellmonk_ecumenical_altar_blasted, uniq_natasha

Skill      XL: |  1  2 |
---------------+-------+-----
Axes           | 5 |  5.9
Fighting       | |  3.8
Armour         | |  2.2
Dodging        | |  1.7

Action                   || total
-------------------------++-------
Melee: Hand axe          ||   112
Invok: Trog's Hand       ||     2
       Berserk           ||     1
Armor: Animal skin       ||    35
Dodge: Dodged            ||    88

Table legend: (Time is in decaauts)
 A = Elapsed time spent in this place.
 B = Non-inter-level travel time spent in this place.
 C = Inter-level travel time spent in this place.
 D = Time resting spent in this place.
 E = Time spent auto-exploring this place.
 F = Levels seen in this place.
 G = Mean time per level.
                   A        B        C        D        E       F      G
               +--------+--------+--------+--------+--------+-----+--------+
         Total |   1750 |   1701 |     49 |    105 |   1330 |   2 |  875.0 |
       Dungeon |   1750 |   1701 |     49 |    105 |   1330 |   2 |  875.0 |
               +--------+--------+--------+--------+--------+-----+--------+

Top non-repeatable levels by time:
     D:1: 1033 daAuts
     D:2: 716 daAuts
